 Dungeon Crawl Stone Soup version 0.27.1-33-g824d729ab1 (webtiles) character file.

Game seed: 4417612337962857295

42 hamarrboo the Vandal (level 3, -3/27 HPs)
             Began as a Human Hunter on Dec 4, 2021.
             Was an Initiate of Nemelex Xobeh.
             Slain by Grinder (5 damage)
             ... while paralysed by Grinder
             ... on level 3 of the Dungeon.
             The game lasted 00:08:56 (1319 turns).

hamarrboo the Vandal (Human Hunter)                 Turns: 1319, Time: 00:08:57

Health: -3/27      AC:  3    Str: 19    XL:     3   Next: 80%
Magic:  3/3        EV:  2    Int: 11    God:    Nemelex Xobeh [......]
Gold:   58         SH:  0    Dex: 13    Spells: 2/2 levels left

rFire    + . .     SeeInvis .   a - +1 hunting sling
rCold    . . .     Faith    .   (no shield)
rNeg     . . .     Spirit   .   c - +0 leather armour
rPois    .         Reflect  .   (no helmet)
rElec    .         Harm     .   (no cloak)
rCorr    .         Rampage  .   (no gloves)
Will     .....                  (no boots)
Stlth    +.........             (no amulet)
HPRegen  0.09/turn              f - +6 ring of strength
MPRegen  0.08/turn              j - ring of protection from fire

@: paralysed
A: no striking features
a: Renounce Religion, Draw Escape, Draw Destruction, Draw Summoning


You were on level 3 of the Dungeon.
You worshipped Nemelex Xobeh.
Nemelex Xobeh was noncommittal.
You visited 1 branch of the dungeon, and saw 3 of its levels.

You collected 58 gold pieces.

Inventory:

Hand Weapons
 a - a +1 hunting sling (weapon)
 m - a +0 vampiric dagger
Missiles
 d - 7 sling bullets (quivered ammo)
 g - 62 stones
 n - 13 poisoned darts
 o - 5 boomerangs
Armour
 c - a +0 leather armour (worn)
Jewellery
 f - a +6 ring of strength (left hand)
 j - a ring of protection from fire (right hand)
Scrolls
 b - a scroll of amnesia {unknown}
 h - a scroll of blinking {unknown}
 k - a scroll of magic mapping {unknown}
 l - a scroll of teleportation {unknown}
 p - a scroll of noise {unknown}
Potions
 e - a potion of curing {unknown}
 i - a potion of haste {unknown}
 q - a potion of heal wounds {unknown}


   Skills:
 + Level 2.2 Fighting
 + Level 0.2 Short Blades
 + Level 4.7 Slings
 + Level 0.6 Armour
 + Level 2.3 Dodging
 + Level 1.1 Stealth


You had 2 spell levels left.
You didn't know any spells.
Your spell library was empty.

Dungeon Overview and Level Annotations

Branches:
Dungeon (3/15)

Altars:
Nemelex Xobeh
The Shining One

Annotations:
D:3 Grinder


Message History

You hear the rusting of a drain nearby.
As you open the door, it creaks loudly!
Grinder comes into view.
Grinder shouts!
You hear a shout!
Grinder moves out of view.
Found 9 gold pieces.
Grinder blinks!
There is an open door here.
You shoot a sling bullet. The sling bullet hits Grinder.
Grinder is lightly wounded.
A gnoll comes into view. It is wielding a +2 halberd of venom.
You shoot a sling bullet.
The sling bullet hits Grinder but does no damage.
Grinder is lightly wounded.
Grinder gestures at you. You resist with significant effort.
You shoot a sling bullet.
The sling bullet closely misses Grinder.
You shoot a sling bullet. The sling bullet hits Grinder.
Grinder is moderately wounded.
A gnoll comes into view. It is wielding a +0 spear.
Grinder gestures at you. Pain shoots through your body!
Ouch! That really hurt!
Grinder blinks!
A bat comes into view.
Grinder blinks!
Grinder says, "My boss said I was rubbish.
His entrails said otherwise."
Grinder gestures at you.
You suddenly lose the ability to move!
The bat hits you but does no damage. The giant cockroach bites you.
The bat hits you. Grinder gestures at you. Pain shoots through your body!
The giant cockroach bites you but does no damage.
The giant cockroach bites you. The bat hits you but does no damage.
Grinder hits you!
* * * LOW HITPOINT WARNING * * *
You writhe in agony.
You die...
Your body disappears without a glow.

#....#._.'.'...#..'.5..(.(
#....##.##.##.##.##.....g.
#.....###.#.###..# ######$
#.........#......#
......<..###...#g#
..#..........#.#.#
#.....+.<......#
#.....#......B.#
####+##......5@#
######.#b# ###.#..#
#.#####.#.#..#
#.......#.#...
#####.#.#.#.# ######
#.......#.#.#
.....###.###.###.#.#
.........# #...


You could see Grinder, a gnoll, a giant cockroach and a bat.

Vanquished Creatures
  An adder (D:2)
  A dart slug (D:1)
  An orc (D:3)
  5 ball pythons
  2 bats
  3 endoplasms
  A giant cockroach (D:3)
  2 goblins (D:1)
  3 hobgoblins (D:1)
  2 quokkas (D:1)
  A frilled lizard (D:1)
  6 kobolds
28 creatures vanquished.

Notes
Turn   | Place    | Note
-------+----------+-------------------------------------------
     0 | D:1      | hamarrboo the Human Hunter began the quest for the Orb.
     0 | D:1      | Reached XP level 1. HP: 16/16 MP: 1/1
   180 | D:1      | Reached XP level 2. HP: 16/22 MP: 2/2
   334 | D:2      | Found a glowing golden altar of the Shining One.
   647 | D:1      | Reached XP level 3. HP: 27/27 MP: 3/3
  1150 | D:3      | Found a sparkling altar of Nemelex Xobeh.
  1154 | D:3      | Became a worshipper of Nemelex Xobeh the Trickster
  1303 | D:3      | Noticed Grinder
  1317 | D:3      | Paralysed by Grinder for 4 turns
  1319 | D:3      | Slain by Grinder

Illustrated notes

Levels and vault maps discovered:
D:1:      dpeg_arrival_simpleton_c, layout_loops_ring
D:2:      layout_rooms, basic_altar
D:3:      layout_basic, nemelex_dance_club_becter, old_standard_altar,
          dreamdust_ecumenical_altar_angels_and_demons, gup_sewer_entry_bowl,
          uniq_grinder, uniq_terence

Action                   || total
-------------------------++-------
Melee: Short sword       ||    25
       Dagger            ||    27
 Fire: Hunting sling     ||    63
Armor: Leather armour    ||    14
Dodge: Dodged            ||    38
